 Dungeon Crawl Stone Soup version 0.28-a0-1033-g1a2f33fa85 (webtiles) character file.

Game seed: 13302669265155971145

123 Umoon2 the Ducker (level 4, 0/35 HPs)
             Began as a Demonspawn Gladiator on Dec 8, 2021.
             Was a Follower of Nemelex Xobeh.
             Slain by a gnoll (4 damage)
             ... on level 1 of the Dungeon.
             The game lasted 00:02:56 (2528 turns).

Umoon2 the Ducker (Demonspawn Gladiator)            Turns: 2528, Time: 00:02:57

Health: 0/35       AC:  9    Str: 19    XL:     4   Next: 80%
Magic:  6/6        EV: 10    Int:  9    God:    Nemelex Xobeh [*.....]
Gold:   40         SH:  0    Dex: 14    Spells: 3/3 levels left

rFire   . . .      SeeInvis .   a - +0 rapier
rCold   . . .      Faith    .   (no shield)
rNeg    . . .      Spirit   .   f - +0 chain mail
rPois   .          Reflect  .   c - +0 helmet
rElec   .          Harm     .   (no cloak)
rCorr   .          Rampage  .   (no gloves)
Will    .....                   (no boots)
Stlth   ..........              (no amulet)
HPRegen 0.11/turn               (no ring)
MPRegen 0.10/turn               (no ring)

@: unable to read
A: sturdy frame 2, strong 1, inability to read while threatened, MP-powered
wands
a: Renounce Religion, Draw Escape, Draw Destruction, Draw Summoning


You were on level 1 of the Dungeon.
You worshipped Nemelex Xobeh.
Nemelex Xobeh was aware of your devotion.
You visited 1 branch of the dungeon, and saw 2 of its levels.

You collected 40 gold pieces.

Inventory:

Hand Weapons
 a - a +0 rapier (weapon)
Missiles
 d - 3 throwing nets (quivered)
Armour
 b - a +0 leather armour
 c - a +0 helmet (worn)
 f - a +0 chain mail (worn)
Jewellery
 k - an amulet of magic regeneration
Scrolls
 e - a scroll of blinking {unknown}
 g - a scroll of identify {unknown}
 j - a scroll of enchant armour {unknown}
Potions
 i - a potion of lignification {unknown}


   Skills:
 + Level 3.0 Fighting
 - Level 2.6 Short Blades
 - Level 1.7 Throwing
 + Level 1.8 Armour
 + Level 3.3 Dodging
 * Level 3.0 Invocations


You had 3 spell levels left.
You didn't know any spells.
Your spell library was empty.

Dungeon Overview and Level Annotations

Branches:
Dungeon (2/15)

Altars:
Nemelex Xobeh


Innate Abilities, Weirdness & Mutations

Your movements are less encumbered by armour. (ER -4)
Your muscles are strong. (Str +2)
You sometimes lose the ability to read scrolls when taking damage.
You expend magic power (3 MP) to strengthen your wands.


Message History

There is a stone staircase leading down, spattered with blood here.
Unknown command.
The gnoll hits you but does no damage. The gnoll barely misses you.
Items here: )))) [.
The gnoll hits you with a +0 flail.
You hit the gnoll.
The gnoll is moderately wounded.
The gnoll hits you but does no damage. The gnoll hits you with a +0 flail!
You completely miss the gnoll.
The gnoll is moderately wounded.
The gnoll hits you from afar with a +2 halberd of protection!
* * * LOW HITPOINT WARNING * * *
The gnoll barely misses you.
You hit the gnoll.
The gnoll is heavily wounded.
The gnoll barely misses you. The gnoll closely misses you.
You barely miss the gnoll.
The gnoll is heavily wounded.
The gnoll closely misses you.
You hit the gnoll.
The gnoll is severely wounded.
The gnoll barely misses you.
You barely miss the gnoll.
The gnoll is severely wounded.
The gnoll barely misses you.
You completely miss the gnoll.
The gnoll is severely wounded.
The gnoll barely misses you. The gnoll hits you with a +0 flail!
* * * LOW HITPOINT WARNING * * *
It was a potion of mutation.
You feel extremely strange.
You lose the ability to read scrolls when threatened.
You feel your magical essence link to the dungeon's wands.
You feel stronger. The gnoll closely misses you. The gnoll barely misses you.
You hit the gnoll.
You kill the gnoll!
The gnoll hits you from afar with a +2 halberd of protection.
You feel threatened and lose the ability to read scrolls!
You die...
Your body disappears without a glow.

..###############..##.##.#.......
..#...#......#.###.##.##.#.......
..#.#.#.#.#..#...........#.......
###.#.#)...)...###..#.####.......
###.....###....# ##.#.# #.......
...##.........## #...# #.......
##.####...##########..# #...)...
#.#..##.###.#g).#.#..# #....≈≈≈
#.##.#..#...#.#@..#..# ####)≈_≈
#†#..#.##.###g#####..# #.≈≈≈
#.#.##.#....#...g#...# ###....
#.#......#..#.##.....# #......
#.########..#..###.#[#####......
#.#.(#...#.###...#.)>[..........
#.##.#....<....#.#########.#####
#..#...###.#...#..######.(.#....
#..###..#..########........#....


You could see a gnoll.

Vanquished Creatures
  A gnoll shaman (D:1)
  An orc wizard (D:1)
  3 gnolls
  An adder (D:2)
  4 orcs (D:1)
  5 ball pythons
  2 bats
  7 endoplasms
  3 goblins (D:1)
  4 hobgoblins
  2 kobolds (D:1)
  2 quokkas
  4 rats
39 creatures vanquished.

Notes
Turn   | Place    | Note
-------+----------+-------------------------------------------
     0 | D:1      | Umoon2 the Demonspawn Gladiator began the quest for the
                  | Orb.
     0 | D:1      | Reached XP level 1. HP: 16/16 MP: 1/1
   635 | D:1      | Gained mutation: Your movements are slightly less
                  | encumbered by armour. (ER -2) [demonic ancestry]
   635 | D:1      | Reached XP level 2. HP: 20/22 MP: 2/2
   832 | D:1      | Found a faded altar of an unknown god.
   864 | D:1      | Prayed at the altar of an unknown god.
   864 | D:1      | Became a worshipper of Nemelex Xobeh the Trickster
   864 | D:1      | Reached * piety under Nemelex Xobeh
   956 | D:1      | Received a gift from Nemelex Xobeh
   987 | D:1      | Reached skill level 1 in Armour
  1528 | D:2      | Reached skill level 1 in Invocations
  1549 | D:2      | Reached XP level 3. HP: 28/28 MP: 3/3
  2050 | D:1      | Gained mutation: Your movements are less encumbered by
                  | armour. (ER -4) [demonic ancestry]
  2050 | D:1      | Reached XP level 4. HP: 6/34 MP: 5/5
  2527 | D:1      | Gained mutation: You sometimes lose the ability to read
                  | scrolls when taking damage. [potion of mutation]
  2527 | D:1      | Gained mutation: You expend magic power (3 MP) to
                  | strengthen your wands. [potion of mutation]
  2527 | D:1      | Gained mutation: Your muscles are strong. (Str +2) [potion
                  | of mutation]
  2528 | D:1      | Slain by a gnoll

Illustrated notes

Levels and vault maps discovered:
D:1:      psy_arrival_radial01, layout_basic,
          hellmonk_ecumenical_altar_pennies_from_heaven
D:2:      cheibrodos_pilgrimage, layout_basic, item_on_display_a

Skill      XL: |  1  2  3  4 |
---------------+-------------+-----
Dodging        | 3 |  3.3
Armour         | 1 |  1.8
Invocations    | 1 2 3 |  3.0
Fighting       | 3 |  3.0
Short Blades   | |  2.6
Throwing       | |  1.7

Action                   |  1- 3 |  4- 6 || total
-------------------------+-------+-------++-------
Melee: Rapier            |   122 |    24 ||   146
  Use: Potion            |       |     1 ||     1
Armor: Leather armour    |     9 |       ||     9
       Chain mail        |    63 |    10 ||    73
Dodge: Dodged            |    64 |    21 ||    85

Table legend: (Time is in decaauts)
 A = Elapsed time spent in this place.
 B = Non-inter-level travel time spent in this place.
 C = Inter-level travel time spent in this place.
 D = Time resting spent in this place.
 E = Time spent auto-exploring this place.
 F = Levels seen in this place.
 G = Mean time per level.
                   A        B        C        D        E       F      G
               +--------+--------+--------+--------+--------+-----+--------+
         Total |   2548 |   2485 |     63 |   1092 |    978 |   2 | 1274.0 |
       Dungeon |   2548 |   2485 |     63 |   1092 |    978 |   2 | 1274.0 |
               +--------+--------+--------+--------+--------+-----+--------+

Top non-repeatable levels by time:
     D:1: 2238 daAuts
     D:2: 309 daAuts
